 Dungeon Crawl Stone Soup version 0.28.0-45-g0d030f2227 (webtiles) character file.

Game seed: 12604886938526051611

364 MalarOregon the Skirmisher (level 6, -3/52 HPs)
             Began as a Palentonga Fighter on Apr 22, 2022.
             Was an Initiate of Qazlal.
             Slain by a shadow imp (5 damage)
             ... summoned by Natasha
             ... on level 4 of the Dungeon.
             The game lasted 00:05:50 (3397 turns).

MalarOregon the Skirmisher (Palentonga Fighter)     Turns: 3397, Time: 00:05:50

Health: -3/52      AC:  9    Str: 21    XL:     6   Next: 39%
Magic:  6/6        EV:  5    Int:  9    God:    Qazlal [......]
Gold:   160        SH:  4    Dex:  9    Spells: 5/5 levels left

rFire   . . .      SeeInvis +   a - +0 war axe
rCold   . . .      Faith    .   c - +0 buckler
rNeg    . . .      Spirit   .   n - +0 chain mail
rPois   .          Reflect  .   m - +0 helmet
rElec   .          Harm     .   (no cloak)
rCorr   .          Rampage  .   (no gloves)
Will    .....                   (no barding)
Stlth   ..........              e - amulet of regeneration
HPRegen 0.97/turn               (no ring)
MPRegen 0.10/turn               (no ring)

@: mighty, lethally poisoned (-3 -> -4), slowed, very slow
A: large, rugged brown scales 3, see invisible, deformed body, roll 1, armoured
tail
a: Rolling Charge, Renounce Religion


You were on level 4 of the Dungeon.
You worshipped Qazlal.
Qazlal was noncommittal.
You visited 2 branches of the dungeon, and saw 5 of its levels.
You also visited: Ossuary.

You collected 160 gold pieces.


Innate Abilities, Weirdness & Mutations

You are completely covered in rugged brown scales. (AC +3, +7% HP)
You have supernaturally acute eyesight. (SInv)
Armour fits poorly on your strangely shaped body.
You can roll at nearby foes to attack.
You have a long armoured tail.


   Skills:
 * Level 4.7 Fighting
 * Level 3.9 Axes
 * Level 3.7 Armour
 + Level 1.7 Dodging
 - Level 2.4 Shields


You had 5 spell levels left.
You didn't know any spells.
Your spell library was empty.

Inventory:

Hand Weapons
 a - a +0 war axe (weapon)
 f - a +1 whip of freezing
   (You took it off a kobold on level 1 of the Dungeon)
Armour
 c - a +0 buckler (worn)
 m - a +0 helmet (worn)
   (You found it on level 2 of the Dungeon)
 n - a +0 chain mail (worn)
   (You found it on level 2 of the Dungeon)
Jewellery
 e - an amulet of regeneration (around neck)
   (You found it on level 1 of the Dungeon)
Scrolls
 d - a scroll of silence {unknown}
 i - a scroll of fear {unknown}
 j - a scroll of acquirement {unknown}
 l - 2 scrolls of enchant armour {unknown}
 p - a scroll of fog {unknown}
 q - 2 scrolls of identify {unknown}
 s - a scroll of amnesia {unknown}
 v - 2 scrolls of teleportation {unknown}
 w - 4 scrolls of vulnerability {unknown}
 x - 2 scrolls of noise {unknown}
 y - a scroll of magic mapping {unknown}
 z - a scroll of holy word {unknown}
Potions
 b - a potion of might
 g - 3 potions of curing {unknown}
 h - 2 potions of attraction {unknown}
 k - a potion of berserk rage {unknown}
 o - 2 potions of haste {unknown}
 r - 2 potions of magic {unknown}
 t - a potion of lignification {unknown}
 u - a potion of brilliance {unknown}

Dungeon Overview and Level Annotations

Branches:
Dungeon (4/15)             Temple (1/1) D:4         Ossuary (visited)

Altars:
Ashenzari
Dithmenos
Elyvilon
Fedhas
Gozag
Hepliaklqana
Kikubaaqudgha
Makhleb
Nemelex Xobeh
Okawaru
Qazlal
Ru
Sif Muna
Trog
Uskayaw
Vehumet
Wu Jian
Xom
Yredelemnul
Zin
The Shining One

Annotations:
D:4 Natasha

##[##
..#.........# #..#
.###.##.##.## #..#
#...........# #..#
#..###########
#..## #..##..
#...# ###.......
#...# ###.........
#...###...l5......
#...#.....@5......
#..........h......
##.#............:.
####.............
##...........#
##.........##
###########


You could see an iguana, Natasha, a white imp (summoned) and a shadow imp
(summoned).


Message History

No target in view!
No target in view!
Things that are here:
a +0 club; a goblin corpse You now have 160 gold pieces (gained 3).
You see here a +0 short sword.
Menkaure, Prince of Dust comes into view.
Menkaure shouts!
Menkaure calls on the powers of darkness!
Your body is wracked with pain!
Things that are here:
a +0 dagger; an orc corpse You start waiting.
Menkaure is nearby!
Roll where?
Press: ? - help, Dir - move target, f - Menkaure
Aim: Menkaure You roll forward with a clatter of scales!
You closely miss Menkaure. Menkaure hits you but does no damage.
You hit Menkaure but do no damage.
You tail-slap Menkaure, but do no damage.
Menkaure hits you.
You hit Menkaure. You tail-slap Menkaure. Menkaure hits you!
You barely miss Menkaure. You tail-slap Menkaure! You block Menkaure's attack.
You slash Menkaure! You tail-slap Menkaure. Menkaure hits you.
You hit Menkaure.
You destroy Menkaure!
Qazlal accepts your kill.
You have reached level 6!
Found a scroll labelled DAMA VE RONAUR.
v - 2 scrolls labelled DAMA VE RONAUR (gained 1)
Found a dagger.
Found a scale mail.
You see here a +0 scale mail.
Key pressed, stopping explore.
No target in view!
Found a book of Frost.
Natasha and an adder come into view.
Natasha hisses angrily.
Natasha stares at you and mumbles some strange words.
You feel yourself slow down. Natasha casts a spell at you.
You feel as though you will be slow longer.
Roll where?
Press: ? - help, Dir - move target, f - adder
Aim: an adder You roll forward with a clatter of scales!
You miss the adder. You block the adder's attack.
Natasha casts a spell.
The adder bites you but does no damage.
You aren't carrying any items that you can evoke.
You feel very mighty all of a sudden. The adder barely misses you.
You block the adder's attack.
You barely miss the adder. You tail-slap the adder. You closely miss Natasha.
The adder bites you.
You are poisoned.
The adder poisons you! Natasha barely misses you.
The white imp shouts, "Give up, thou plume-plucked nut-hook Cock-Lorel!"
The adder closely misses you.
An iguana comes into view.
Natasha claws you. The adder bites you.
You are more poisoned.
The adder poisons you!
Unknown command.
You closely miss the adder.
The iguana hisses angrily.
Your tail-slap misses the adder.
You closely miss the white imp. You slash Natasha!
You feel very sick. The adder bites you. Natasha claws you but does no damage.
The white imp hits you. The white imp freezes you.
The adder bites you but does no damage.
Natasha mumbles some strange words.
The white imp gestures at you. The puff of frost hits you!
* * * LOW HITPOINT WARNING * * *
The adder bites you but does no damage.
You slash the adder!
You kill the adder!
Qazlal accepts your kill.
You barely miss Natasha. You barely miss the white imp.
You feel sick. Natasha claws you!
* * * LOW HITPOINT WARNING * * *
You block the white imp's attack. Natasha claws you.
* * * LOW HITPOINT WARNING * * *
The white imp barely misses you.
You miss Natasha. You closely miss the white imp.
You feel sick. Natasha claws you.
* * * LOW HITPOINT WARNING * * *
The white imp gestures at you. The puff of frost hits you!
* * * LOW HITPOINT WARNING * * *
The shadow imp sputters.
The shadow imp hits you but does no damage.
Natasha claws you.
* * * LOW HITPOINT WARNING * * *
The white imp grinds its teeth.
The white imp barely misses you.
The iguana bites you but does no damage.
The shadow imp hits you.
You die...

Skill      XL: |  1  2  3  4 |
---------------+-------------+-----
Armour         | 3 |  3.7
Dodging        | 1 |  1.7
Axes           | 3 |  3.9
Fighting       | 4 |  4.7
Shields        | |  2.4

Action                   |  1- 3 |  4- 6 || total
-------------------------+-------+-------++-------
Melee: War axe           |   102 |   178 ||   280
       Tailslap          |    10 |    25 ||    35
 Abil: Rolling Charge    |       |     2 ||     2
  Use: Potion            |       |     1 ||     1
Armor: Scale mail        |    65 |       ||    65
       Chain mail        |     3 |    89 ||    92
Dodge: Dodged            |    46 |    30 ||    76
Block: Buckler           |    20 |    19 ||    39

Levels and vault maps discovered:
D:1:      lightli_arrival_farm, layout_loops_ring,
          hellmonk_ecumenical_altar_run_dry, st_stairs_4, minmay_split_cup_large
D:2:      layout_basic
D:3:      layout_rooms
D:4:      layout_cave_pods, minmay_temple_entry_large_hall, enter_ossuary_5,
          uniq_menkaure, uniq_natasha, uniq_ijyb
Temple:   nicolae_temple_the_god_donut

Notes
Turn   | Place    | Note
-------+----------+-------------------------------------------
     0 | D:1      | MalarOregon the Palentonga Fighter began the quest for the
                  | Orb.
     0 | D:1      | Reached XP level 1. HP: 19/19 MP: 1/1
   245 | D:1      | Reached XP level 2. HP: 25/25 MP: 2/2
   257 | D:1      | Found a faded altar of an unknown god.
   799 | D:2      | Reached XP level 3. HP: 31/31 MP: 3/3
  1793 | D:3      | Reached skill level 3 in Armour
  1793 | D:3      | Reached XP level 4. HP: 20/39 MP: 4/4
  1975 | D:3      | Reached skill level 1 in Dodging
  2197 | D:4      | Found a sand-covered staircase.
  2201 | Ossuary  | Entered an ossuary
  2245 | Ossuary  | Reached skill level 3 in Axes
  2406 | Ossuary  | Reached skill level 4 in Fighting
  2547 | Ossuary  | Reached XP level 5. HP: 39/44 MP: 5/5
  2683 | D:4      | Found a staircase to the Ecumenical Temple.
  2698 | Temple   | Entered the Ecumenical Temple
  2970 | Temple   | Became a worshipper of Qazlal Stormbringer
  3245 | D:4      | Noticed Menkaure
  3285 | D:4      | Killed Menkaure
  3286 | D:4      | Reached XP level 6. HP: 38/52 MP: 6/6
  3388 | D:4      | Noticed Natasha
  3397 | D:4      | HP: 12/52 [Natasha (3)]
  3397 | D:4      | HP: 5/52 [white imp/puff of frost[Natasha] (7)]
  3397 | D:4      | HP: 2/52 [Natasha (3)]
  3397 | D:4      | Slain by a shadow imp

Vanquished Creatures
  Menkaure (D:4)
  An iguana (D:3)
  An orc wizard (D:4)
  4 mummies (Ossuary)
  3 adders
  An adder skeleton (D:4)
  A worm (D:2)
  2 dart slugs
  4 orcs (D:4)
  A ball python (D:2)
  7 endoplasms
  2 giant cockroaches
  3 goblins
  5 hobgoblins
  3 jackals (D:1)
  4 quokkas
  4 bats (D:1)
  2 frilled lizards (D:1)
  4 gnoll skeletons (Ossuary)
  6 gnoll zombies (Ossuary)
  3 goblin skeletons (Ossuary)
  3 goblin zombies (Ossuary)
  6 hobgoblin skeletons (Ossuary)
  4 hobgoblin zombies (Ossuary)
  A jackal skeleton (D:4)
  6 kobolds
  8 kobold skeletons (Ossuary)
  5 kobold zombies (Ossuary)
  2 orc skeletons (Ossuary)
  5 orc zombies (Ossuary)
  7 rats
  2 rat skeletons (Ossuary)
  2 rat zombies (Ossuary)
113 creatures vanquished.

Table legend:
 A = Non-vault XP
 B = Vault XP
 C = Vault XP percentage of total XP
 D = Non-vault monster count
 E = Vault monster count
 F = Vault count percentage of total count
                 A         B        C        D         E       F
            +---------+---------+-------+---------+---------+-------
      Total |     207 |     313 |  60.2 |      51 |      62 |  54.9
            +---------+---------+-------+---------+---------+-------
        D:1 |      22 |      11 |  33.3 |      13 |       7 |  35.0
        D:2 |      43 |       0 |   0.0 |      16 |       0 |   0.0
        D:3 |      63 |       0 |   0.0 |       8 |       0 |   0.0
        D:4 |      79 |     172 |  68.5 |      14 |       1 |   6.7
    Ossuary |       0 |     130 | 100.0 |       0 |      54 | 100.0
            +---------+---------+-------+---------+---------+-------

Illustrated notes

Table legend:
 A = Kills in this place as a percentage of kills in entire the game.
 B = Kills by you in this place as a percentage of kills by you in the entire game.
 C = Kills by friends in this place as a percentage of kills by friends in the entire game.
 D = Other kills in this place as a percentage of other kills in the entire game.
 E = Experience gained in this place as a percentage of experience gained in the entire game.
 F = Experience gained in this place divided by the number of levels of this place that you have seen.
                   A       B       C       D       E      F
               +-------+-------+-------+-------+-------+----------------------
         Total | 100.0 | 100.0 |   N/A |   N/A | 100.0 |  86.7
       Dungeon |  52.2 |  52.2 |   N/A |   N/A |  75.0 |  97.5
       Ossuary |  47.8 |  47.8 |   N/A |   N/A |  25.0 | 130.0
               +-------+-------+-------+-------+-------+----------------------

Table legend: (Time is in decaauts)
 A = Elapsed time spent in this place.
 B = Non-inter-level travel time spent in this place.
 C = Inter-level travel time spent in this place.
 D = Time resting spent in this place.
 E = Time spent auto-exploring this place.
 F = Levels seen in this place.
 G = Mean time per level.
                   A        B        C        D        E       F      G
               +--------+--------+--------+--------+--------+-----+--------+
         Total |   3532 |   3284 |    248 |     44 |   2382 |   6 |  588.7 |
       Dungeon |   2748 |   2546 |    202 |     42 |   1967 |   4 |  687.0 |
        Temple |    286 |    240 |     46 |      0 |    223 |   1 |  286.0 |
       Ossuary |    497 |    497 |      0 |      2 |    192 |   1 |  497.0 |
               +--------+--------+--------+--------+--------+-----+--------+

Top non-repeatable levels by time:
     D:2: 949 daAuts
     D:1: 811 daAuts
     D:4: 497 daAuts
 Ossuary: 497 daAuts
     D:3: 489 daAuts
  Temple: 286 daAuts
